 Dungeon Crawl Stone Soup version 0.25.0-11-g1f837a76a1 (webtiles) character file.

Game seed: 3281569561614994584

664 Esekla the Covered (level 7, -4/63 HPs)
             Began as a Deep Dwarf Chaos Knight on June 26, 2020.
             Was a Follower of Elyvilon.
             Slain by a hornet (6 damage)
             ... while paralysed by a hornet
             ... on level 5 of the Dungeon.
             The game lasted 00:26:12 (3933 turns).

Esekla the Covered (Deep Dwarf Chaos Knight)        Turns: 3933, Time: 00:26:13

Health: -4/63      AC:  7    Str: 16    XL:     7   Next: 31%
Magic:  9/9        EV:  2    Int: 11    God:    Elyvilon [*.....]
Gold:   182        SH:  0    Dex: 13    Spells: 8/8 levels left

rFire    . . .     SeeInvis .   x - +1 war axe
rCold    . . .     Gourm    .   (no shield)
rNeg     + . .     Faith    .   b - +2 leather armour
rPois    .         Spirit   .   B - +1 helmet
rElec    .         Reflect  .   (no cloak)
rCorr    .         Harm     .   (no gloves)
MR       +....                  (no boots)
Stlth    +.........             (no amulet)
HPRegen  0.00/turn              g - ring of positive energy
MPRegen  0.11/turn              (no ring)

@: paralysed, lethally poisoned (-4 -> -4), non-regenerating, slowed
A: damage resistance, heal wounds, blurry vision 1, dopey 1, sense surroundings
1, no regeneration
a: Heal Wounds, Lesser Healing, Divine Protection, Renounce Religion


You were on level 5 of the Dungeon.
You worshipped Elyvilon.
Elyvilon was aware of your devotion.
You were not hungry.

You visited 1 branch of the dungeon, and saw 5 of its levels.

You collected 182 gold pieces.

Inventory:

Hand Weapons
 j - a +0 short sword
 x - a +1 war axe (weapon)
 y - a +0 trident
 A - a +0 falchion
Missiles
 l - 10 poisoned darts (quivered)
 C - 3 curare-tipped darts
Armour
 b - a +2 leather armour (worn)
 B - a +1 helmet (worn)
Jewellery
 g - a ring of positive energy (left hand)
Scrolls
 a - a scroll of enchant weapon
 d - a scroll of teleportation
 n - 2 scrolls of vulnerability {unknown}
 r - 2 scrolls of remove curse
Potions
 e - 3 potions of resistance
 f - a potion of cancellation
 h - a potion of brilliance {unknown}
 i - 2 potions of heal wounds
 k - a potion of berserk rage {unknown}
 m - a potion of haste {unknown}
 p - a potion of might {unknown}
 u - a potion of lignification
 v - 2 potions of curing
 z - a potion of ambrosia
Comestibles
 c - 8 rations
 o - a chunk of flesh


   Skills:
 + Level 3.6 Fighting
 + Level 1.9(2.8) Short Blades
 + Level 3.4(3.8) Long Blades
 * Level 4.0 Axes
 * Level 4.2 Armour
 * Level 3.9 Dodging
 + Level 1.3 Stealth
 * Level 1.3 Spellcasting
 + Level 1.1 Invocations


You had 8 spell levels left.
You didn't know any spells.
Your spell library was empty.

Dungeon Overview and Level Annotations

Branches:
Dungeon (5/15)
 Temple: D:4-7

Altars:
Elyvilon
Fedhas
Kikubaaqudgha
Okawaru
Sif Muna

Annotations:
D:5 5 runed translucent doors


Innate Abilities, Weirdness & Mutations

You are resistant to damage.
You can heal yourself by infusing magical energy.
You passively map a small area around you.
You do not regenerate.
Scrolls take you a little longer to read.
You are dopey. (Int -2)


Message History

You hit the hornet.
The hornet is severely wounded.
The hornet closely misses you. x2; The hornet stings you!
* * * LOW HITPOINT WARNING * * *
You are poisoned.
You feel as though you will be slow longer.
You closely miss the hornet.
The hornet is severely wounded.
The hornet stings you!
* * * LOW HITPOINT WARNING * * *
You feel as though you will be slow longer.
The hornet closely misses you. The hornet barely misses you.
You miss the hornet.
The hornet is severely wounded.
You feel less invigorated.
You feel less confused. The hornet stings you!
* * * LOW HITPOINT WARNING * * *
You suddenly lose the ability to move!
The hornet stings you!
You die...

#####.........##...##
..............#⌠.#.⌠#
*
#####..#####).##...##
##.....)..####.##
##...#####..#≈#'##,
** ###.....##
#..'...≈# ,
.......<[# #.##≈#'##
, * ###.....##
#.####.##* ,* *
##.....# #.# #@y.# *
, #
##........##⌠.#.⌠# #
#.........##...## #
######### ##_## * #
*## * * # # , # * , #


You could see a hornet.

Vanquished Creatures
  A phantom (D:5)
  A bullfrog (D:2)
  A scorpion (D:5)
  A hound (D:4)
  3 orc priests (D:5)
  2 orc wizards (D:5)
  3 worker ants (D:4)
  Robin (D:4)
  6 adders (D:2)
  2 adder skeletons
  A worm (D:2)
  5 dart slugs
  2 leopard geckos
  9 orcs
  5 giant cockroaches
  17 goblins
  18 hobgoblins
  11 jackals
  7 kobolds
  2 quokkas
  5 ball pythons
  10 bats
  3 frilled lizards
  A jackal skeleton (D:4)
  A quokka skeleton (D:5)
  9 rats
127 creatures vanquished.

Vanquished Creatures (others)
  An orc (D:2)
  2 fungi (D:5)
3 creatures vanquished.

Grand Total: 130 creatures vanquished

Notes
Turn   | Place    | Note
-------+----------+-------------------------------------------
     0 | D:1      | Esekla the Deep Dwarf Chaos Knight began the quest for the
                  | Orb.
     0 | D:1      | Reached XP level 1. HP: 20/20 MP: 1/1
   169 | D:1      | Reached XP level 2. HP: 26/28 MP: 2/2
   227 | D:1      | XOM: noise
   358 | D:1      | XOM: silly message
   548 | D:2      | Reached XP level 3. HP: 34/34 MP: 3/3
   599 | D:2      | Found an iron altar of Okawaru.
   658 | D:3      | Found a white marble altar of Elyvilon.
   663 | D:3      | Fell from the grace of Xom
   663 | D:3      | Became a worshipper of Elyvilon the Healer
  1014 | D:2      | Noticed a bullfrog
  1030 | D:2      | Killed a bullfrog
  1030 | D:2      | Reached skill level 1 in Short Blades
  1030 | D:2      | Reached skill level 1 in Stealth
  1030 | D:2      | Reached XP level 4. HP: 28/42 MP: 4/4
  1261 | D:2      | Reached XP level 5. HP: 23/49 MP: 5/5
  1278 | D:2      | XOM: torment (15/49 hp)
  1521 | D:2      | Reached * piety under Elyvilon
  2283 | D:3      | XOM: give mutations
  2283 | D:3      | Gained mutation: You are dopey. (Int -2) [Xom's mischief]
  2283 | D:3      | Gained mutation: Scrolls take you a little longer to read.
                  | [Xom's mischief]
  2461 | D:3      | XOM: divination: detect items
  2708 | D:2      | XOM: stat loss: -3 Str (12/15)
  3140 | D:4      | XOM: 1-stop teleportation journey
  3152 | D:4      | Reached skill level 1 in Axes
  3152 | D:4      | Reached XP level 6. HP: 36/56 MP: 7/7
  3326 | D:4      | Noticed Robin
  3349 | D:4      | Killed Robin
  3407 | D:4      | XOM: stat loss: -1 Int (10/11)
  3564 | D:5      | Entered Level 5 of the Dungeon
  3577 | D:5      | Reached skill level 1 in Spellcasting
  3627 | D:5      | Found a runed translucent door.
  3630 | D:5      | Noticed a soldier ant
  3630 | D:5      | Noticed a soldier ant
  3645 | D:5      | Noticed a soldier ant
  3645 | D:5      | Noticed a soldier ant
  3704 | D:5      | Found a blossoming altar of Fedhas.
  3741 | D:5      | Noticed a water moccasin
  3742 | D:5      | Noticed a water moccasin
  3742 | D:5      | Noticed a water moccasin
  3742 | D:5      | Noticed a soldier ant
  3745 | D:5      | Found a runed translucent door.
  3745 | D:5      | Found a runed translucent gate.
  3745 | D:5      | Found a runed translucent gate.
  3752 | D:5      | Found the +9 staff of Olgreb {rPois∞}
  3781 | D:5      | Found a runed translucent gate.
  3855 | D:5      | Reached skill level 1 in Invocations
  3855 | D:5      | Reached XP level 7. HP: 55/63 MP: 8/8
  3914 | D:5      | Found an ancient bone altar of Kikubaaqudgha.
  3920 | D:5      | Noticed a hornet
  3923 | D:5      | Paralysed by a hornet for 2 turns
  3926 | D:5      | Paralysed by a hornet for 3 turns
  3929 | D:5      | Paralysed by a hornet for 1 turns
  3930 | D:5      | Found a shimmering blue altar of Sif Muna.
  3933 | D:5      | HP: 2/63 [hornet (13)]
  3933 | D:5      | Paralysed by a hornet for 2 turns
  3933 | D:5      | Slain by a hornet

Illustrated notes

Levels and vault maps discovered:
D:1:      scummos_arrival_forest, layout_basic, minmay_crystal_room
D:2:      minmay_razor_zed, layout_basic, okawaru_altar_gauntlet_db,
          kennysheep_cross_bottleneck
D:3:      layout_loops_ring, overflow_temple_1_default, st_stairs_4
D:4:      layout_rooms, first_ration, dk_rats_in_the_wall, uniq_robin
D:5:      layout_loops_ring, nicolae_ru_the_path_less_chosen,
          fedhas_bush_and_centaur_altar, lemuel_coloured_pillars_altar,
          trog_eyes_of_draining, amethyst_overflow_temple_binary,
          nicolae_ossuary_entry_monument, minmay_shop_grid_forest,
          minmay_guarded_unrand_staff_of_olgreb

Skill      XL: |  1  2  3  4  5  6  7 |
---------------+----------------------+-----
Fighting       | 3 |  3.6
Short Blades   | 1 |  1.9
Armour         | 3 4 |  4.2
Dodging        | 2 3 |  3.9
Stealth        | 1 |  1.3
Axes           | 1 3 4 |  4.0
Spellcasting   | 1 |  1.3
Invocations    | 1 |  1.1
Long Blades    | |  3.4

Action                   |  1- 3 |  4- 6 |  7- 9 || total
-------------------------+-------+-------+-------++-------
Melee: Falchion          |    66 |       |       ||    66
       Short sword       |    33 |   245 |       ||   278
       War axe           |       |   130 |    30 ||   160
Invok: Lesser Healing    |       |    31 |     7 ||    38
 Abil: Heal Wounds       |       |     1 |       ||     1
  Use: Scroll            |       |    14 |       ||    14
       Potion            |       |       |     2 ||     2
 Stab: Sleeping          |     1 |     2 |     1 ||     4
  Eat: Chunk             |       |    15 |     1 ||    16
Armor: Leather armour    |    37 |   123 |     6 ||   166
Dodge: Dodged            |    76 |   298 |    20 ||   394
       Rpst.: Falchion   |    17 |       |       ||    17
